 Dungeon Crawl Stone Soup version 0.30-a0-313-gae38170b09 (webtiles) character file.

Game seed: 3676847045608844938

3381 Babtu the Carver (level 9, 0/79 HPs)
             Began as a Minotaur Fighter on Oct 26, 2022.
             Was a Follower of Makhleb.
             Slain by an iron imp (2 damage)
             ... summoned by a kobold demonologist
             ... while petrified by a chaos spawn
             ... in a bailey.
             The game lasted 00:42:00 (7930 turns).

Babtu the Carver (Minotaur Fighter)                 Turns: 7930, Time: 00:42:00

Health: 0/79       AC:  0    Str: 24      XL:     9   Next: 74%
Magic:  0/8        EV:  2    Int:  5      God:    Makhleb [*.....]
Gold:   456        SH:  0    Dex:  6 (11) Spells: 8/8 levels left

rFire   + . .      SeeInvis .    a - +0 long sword
rCold   . . .      Faith    .    r - orb {light}
rNeg    + + +      Spirit   +    x - +0 plate armour
rPois   ∞          Reflect  .    (helmet restricted)
rElec   .          Harm     .    (no cloak)
rCorr   +          Rampage  .    k - +0 pair of gloves
Will    .....                    b - +1 pair of boots of Purpose {rCorr}
Stlth   ..........               F - amulet of guardian spirit
HPRegen 0.33/turn                j - ring of poison resistance
MPRegen 0.11/turn                C - ring of protection from fire

@: petrified, corroded, hasted, glowing
A: horns 2, retaliatory headbutt, screaming 1, devolution 1
a: Renounce Religion


You were in a bailey.
You worshipped Makhleb.
Makhleb was aware of your devotion.
You visited 2 branches of the dungeon, and saw 8 of its levels.
You also visited: Bailey.

You collected 522 gold pieces.
You spent 66 gold pieces at shops.

Inventory:

Hand Weapons
 a - a +0 long sword (weapon)
Missiles
 e - 6 poisoned darts (quivered)
 y - a throwing net
Armour
 b - the +1 pair of boots of Purpose (worn) {rCorr}
   (You acquired it on level 4 of the Dungeon)

   rCorr:     It protects you from acid and corrosion.
 c - a +0 buckler
 k - a +0 pair of gloves (worn)
 r - an orb of light (worn)
 x - a +0 plate armour (worn)
Jewellery
 j - a ring of poison resistance (left hand)
 p - an amulet of the acrobat
 A - a ring of ice
 C - a ring of protection from fire (right hand)
 F - an amulet of guardian spirit (around neck)
Wands
 d - a wand of roots (15)
 E - a wand of charming (12)
Scrolls
 f - 4 scrolls of magic mapping
 h - a scroll of torment
 n - 2 scrolls of poison
 o - a scroll of enchant weapon
 s - 3 scrolls of teleportation
 v - 2 scrolls of noise
 G - a scroll of summoning {unknown}
 J - a scroll of enchant armour {unknown}
Potions
 g - a potion of invisibility
 i - a potion of haste
 l - 5 potions of mutation
 t - a potion of flight
 w - 2 potions of brilliance {unknown}
 z - 4 potions of attraction
 B - a potion of resistance {unknown}
 D - 2 potions of degeneration
 H - a potion of cancellation {unknown}


   Skills:
 + Level 7.1 Fighting
 * Level 10.8 Long Blades
 + Level 4.7 Throwing
 + Level 7.1 Armour
 - Level 3.4 Dodging
 + Level 7.1 Shields


You had 8 spell levels left.
You didn't know any spells.
Your spell library contained the following spells:

 Spells                   Type           Power      Damage    Failure   Level
 Apportation              Tloc           0%         N/A       100%        1
 Shock                    Conj/Air       0%         1d3       100%        1
 Blink                    Tloc           0%         N/A       100%        2
 Swiftness                Air            0%         N/A       100%        3
 Airstrike                Air            0%         2d(0-16)  100%        4
 Manifold Assault         Tloc           0%         N/A       100%        4
 Petrify                  Tmut/Erth      0%         N/A       100%        4
 Alistair's Intoxication  Tmut/Pois      0%         N/A       100%        5
 Metabolic Englaciation   Hex/Ice        0%         N/A       100%        5
 Statue Form              Tmut/Erth      0%         N/A       100%        6
 Storm Form               Tmut/Air       0%         N/A       100%        7


Dungeon Overview and Level Annotations

Branches:
Dungeon (7/15)             Temple (1/1) D:5          Bailey (1/1)

Altars:
Ashenzari
Cheibriados
Dithmenos
Elyvilon
Fedhas
Gozag
Hepliaklqana
Kikubaaqudgha
Makhleb
Nemelex Xobeh
Okawaru
Sif Muna
Trog
Vehumet
Wu Jian
Xom
Yredelemnul
Zin

Shops:
D:1 *


Innate Abilities, Weirdness & Mutations

You have a pair of horns on your head.
You reflexively headbutt those who attack you in melee.
You occasionally shout uncontrollably at your foes.
You have hidden genetic defects.


Message History

The quasit claws you but does no damage. x2
The chaos spawn closely misses you. The rust devil hits you.
The neqoxec hits you!
* * * LOW HITPOINT WARNING * * *
You have turned to stone.
The neqoxec disappears in a puff of smoke!
The quasit bites you.
The quasit claws you but does no damage.
The quasit claws you.
The kobold demonologist hits you with a +0 battleaxe.
The chaos spawn hits you but does no damage.
The iron imp hits you.
* * * LOW HITPOINT WARNING * * *
The rust devil hits you. The rust devil corrodes you!
The quasit bites you but does no damage.
The quasit claws you.
You feel clumsy. The quasit claws you.
The kobold demonologist looks braver for a moment.
The chaos spawn barely misses you. The iron imp hits you!
* * * LOW HITPOINT WARNING * * *
The rust devil hits you.
* * * LOW HITPOINT WARNING * * *
The rust devil corrodes you! The quasit bites you.
* * * LOW HITPOINT WARNING * * *
The quasit claws you.
* * * LOW HITPOINT WARNING * * *
You feel clumsy. The quasit claws you.
The kobold demonologist hits you with a +0 battleaxe!
* * * LOW HITPOINT WARNING * * *
The chaos spawn gores you. The chaos spawn freezes you!
* * * LOW HITPOINT WARNING * * *
The quasit bites you.
* * * LOW HITPOINT WARNING * * *
The quasit claws you.
* * * LOW HITPOINT WARNING * * *
The quasit barely misses you. The rust devil barely misses you.
The iron imp hits you.
You die...

≈#....#....o.)#.....')...#
≈#....#.8.8.8)'.....#....#
≈######...##############.#
≈~.#......#....' .~≈
≈~.#......#....# ~≈≈≈
≈~.#''#####....# ~≈≈≈≈
≈~.#.....##....######### ~≈≈≈≈
...')....##....#448.8..# ~≈≈≈≈
)..').⌠..##.._.5@K......∩~≈≈≈≈
...')....##....#5.8.8..#.~≈≈≈≈
≈~.#.....##....#########.~≈≈≈≈
≈~.#')#####....#.)).#..#.~≈≈≈≈
≈~.#......#....#.)#.#[.#.~≈≈≈≈
≈~.#......#....'..#.'[[#.~≈≈≈≈
≈######...############## #≈≈≈≈
≈# .8.8. ≈≈≈ ≈# ...... ≈≈


You could see a rust devil (summoned), a kobold demonologist, a chaos spawn
(summoned), an iron imp (summoned) and a quasit (summoned).

Vanquished Creatures
  A kobold demonologist (Bailey)
  Grinder (D:6)
  Sigmund (D:3)
  3 black bears
  An ice beast (D:6)
  7 orc warriors (Bailey)
  2 sky beasts (D:6)
  An ogre (D:5)
  A centaur (D:6)
  4 phantoms (D:5)
  2 bullfrogs (D:6)
  5 scorpions
  2 necrophages
  4 killer bees (D:5)
  A howler monkey (D:6)
  A hound (D:5)
  A gnoll bouda (D:5)
  Crazy Yiuf (D:2)
  2 hound zombies (D:3)
  6 adders
  5 gnolls
  An ufetubus (D:4)
  2 worms
  A dart slug (D:5)
  13 orcs
  9 endoplasms
  3 giant cockroaches
  21 goblins
  17 hobgoblins
  8 jackals
  11 ball pythons
  A bat (D:2)
  5 frilled lizards
  A jackal zombie (D:3)
  9 kobolds
  A quokka zombie (D:3)
  7 rats
162 creatures vanquished.

Vanquished Creatures (others)
  2 plants (D:6)
2 creatures vanquished.

Grand Total: 164 creatures vanquished

Notes
Turn   | Place    | Note
-------+----------+-------------------------------------------
     0 | D:1      | Babtu the Minotaur Fighter began the quest for the Orb.
     0 | D:1      | Reached XP level 1. HP: 19/19 MP: 0/0
    54 | D:1      | Reached XP level 2. HP: 26/27 MP: 1/1
    60 | D:1      | Reached skill level 3 in Long Blades
   274 | D:1      | Found Niguat's Assorted Antiques.
   549 | D:1      | Reached XP level 3. HP: 33/33 MP: 2/2
   955 | D:1      | Bought a red potion for 20 gold pieces
   955 | D:1      | Bought a scroll labelled ZYNOF IRU AREDD for 23 gold pieces
   955 | D:1      | Bought a scroll labelled GONUPSA SUEMP for 23 gold pieces
   999 | D:2      | Found a shimmering altar of Xom.
  1036 | D:2      | Reached skill level 4 in Long Blades
  1908 | D:2      | Found a runed translucent door.
  1909 | D:2      | Noticed Crazy Yiuf
  2033 | D:2      | Killed Crazy Yiuf
  2034 | D:2      | Reached skill level 5 in Long Blades
  2034 | D:2      | Reached XP level 4. HP: 4/40 MP: 3/3
  2871 | D:3      | Reached skill level 6 in Long Blades
  2907 | D:3      | Found a basalt altar of Yredelemnul.
  2917 | D:3      | Reached XP level 5. HP: 39/46 MP: 4/4
  2999 | D:3      | Found a broken altar of Ashenzari.
  3058 | D:3      | Noticed Sigmund
  3076 | D:3      | Killed Sigmund
  3077 | D:3      | Reached skill level 7 in Long Blades
  3077 | D:3      | Reached XP level 6. HP: 47/52 MP: 5/5
  3366 | D:4      | Found a shimmering blue altar of Sif Muna.
  3377 | D:4      | Reached skill level 8 in Long Blades
  3545 | D:4      | Reached skill level 1 in Dodging
  3624 | D:4      | Reached skill level 1 in Throwing
  3774 | D:4      | Reached XP level 7. HP: 60/60 MP: 6/6
  3793 | D:4      | Found an opulent altar of Gozag.
  3796 | D:4      | Found a blossoming altar of Fedhas.
  3798 | D:4      | Found an ancient bone altar of Kikubaaqudgha.
  4063 | D:4      | Identified a scroll of acquirement
  4064 | D:4      | Acquired the +1 pair of boots of Purpose {rCorr}
  4076 | D:5      | Entered Level 5 of the Dungeon
  4320 | D:5      | Found a staircase to the Ecumenical Temple.
  4364 | D:5      | Reached skill level 5 in Shields
  4367 | D:5      | Reached skill level 5 in Fighting
  4372 | D:5      | Reached XP level 8. HP: 44/68 MP: 7/7
  4488 | D:5      | Reached skill level 5 in Armour
  4993 | D:5      | Reached skill level 9 in Long Blades
  5147 | Temple   | Entered the Ecumenical Temple
  5562 | Temple   | Became a worshipper of Makhleb the Destroyer
  5964 | D:6      | Found a snail-covered altar of Cheibriados.
  5964 | D:6      | Found an ornate altar of the Wu Jian Council.
  5964 | D:6      | Found a bloodstained altar of Trog.
  6037 | D:6      | Found an iron altar of Okawaru.
  6142 | D:6      | Noticed Grinder
  6150 | D:6      | Killed Grinder
  6151 | D:6      | Reached XP level 9. HP: 70/75 MP: 8/8
  6584 | D:6      | Reached skill level 10 in Long Blades
  6886 | D:7      | Found a flagged portal.
  6898 | Bailey   | Entered a bailey
  7031 | Bailey   | Reached * piety under Makhleb
  7796 | Bailey   | Noticed a kobold demonologist
  7828 | Bailey   | Noticed a hellwing
  7831 | Bailey   | Killed a kobold demonologist
  7836 | Bailey   | Found an iron altar of Okawaru.
  7899 | Bailey   | Noticed a kobold demonologist
  7918 | Bailey   | Gained mutation: You occasionally shout uncontrollably at
                  | your foes. [a neqoxec]
  7920 | Bailey   | Gained mutation: You have hidden genetic defects. [a
                  | neqoxec]
  7924 | Bailey   | Noticed a rust devil
  7930 | Bailey   | HP: 3/79 [quasit[a kobold demonologist] (1)]
  7930 | Bailey   | Slain by an iron imp

Illustrated notes

Levels and vault maps discovered:
D:1:      matt_arrival_refuge, layout_basic, serial_shops,
          nicolae_shop_advertising_works [nicolae_subvault_shop_adworks],
          minmay_misc_feat_columns, minmay_heptomino_w4
D:2:      layout_basic, basic_altar, cheibrodos_gnoll_hut,
          uniq_crazy_yiuf_cottage
D:3:      cheibrodos_helix_gallery, layout_rooms,
          nicolae_yredelemnul_corpse_copse, mainiacjoe_overflow_brackets,
          solitary_fountain, uniq_sigmund
D:4:      layout_gridville, grunt_temple_overflow_open, amcnicky_altar_gilded,
          minmay_bent
D:5:      layout_gridville, minmay_temple_entry_antechambers
D:6:      layout_basic, overflow_temple_1_default,
          gammafunk_temple_overflow_forgotten, uniq_grinder
D:7:      layout_basic, mainiacjoe_overflow_alcove_2, enter_bailey_3,
          hangedman_decor_diamond_cutter
Temple:   hellmonk_temple_beads
Bailey:   bailey_axe_of_yendor_kennysheep, bailey

Skill      XL: |  1  2  3  4  5  6  7  8  9 |
---------------+----------------------------+-----
Long Blades    | 3 5 6 7 8 9 10 | 10.8
Armour         | 4 6 7 |  7.1
Fighting       | 4 5 6 7 |  7.1
Dodging        | 1 2 3 |  3.4
Shields        | 4 5 6 7 |  7.1
Throwing       | 1 2 3 4 |  4.7

Action                   |  1- 3 |  4- 6 |  7- 9 || total
-------------------------+-------+-------+-------++-------
Melee: Long sword        |    91 |    98 |   288 ||   477
       Headbutt          |    17 |    20 |    68 ||   105
Throw: Dart              |       |       |    15 ||    15
       Boomerang         |       |       |     3 ||     3
       Throwing net      |       |       |     1 ||     1
  Use: Scroll            |     5 |     4 |    13 ||    22
       Potion            |     1 |       |     5 ||     6
 Stab: Invisible         |     1 |       |       ||     1
Armor: Scale mail        |    28 |    35 |       ||    63
       Plate armour      |       |     7 |   210 ||   217
Dodge: Dodged            |    47 |    51 |   134 ||   232
Block: Buckler           |    17 |       |       ||    17

Table legend: (Time is in decaauts)
 A = Elapsed time spent in this place.
 B = Non-inter-level travel time spent in this place.
 C = Inter-level travel time spent in this place.
 D = Time resting spent in this place.
 E = Time spent auto-exploring this place.
 F = Levels seen in this place.
 G = Mean time per level.
                   A        B        C        D        E       F      G
               +--------+--------+--------+--------+--------+-----+--------+
         Total |   7902 |   7438 |    464 |   1538 |   4390 |   9 |  878.0 |
       Dungeon |   6261 |   5818 |    443 |    564 |   4304 |   7 |  894.4 |
        Temple |    645 |    624 |     21 |    400 |     86 |   1 |  645.0 |
        Bailey |    995 |    995 |      0 |    574 |      0 |   1 |  995.0 |
               +--------+--------+--------+--------+--------+-----+--------+

Top non-repeatable levels by time:
     D:2: 1669 daAuts
     D:5: 1130 daAuts
  Bailey: 995 daAuts
     D:1: 992 daAuts
     D:6: 920 daAuts
     D:4: 720 daAuts
     D:3: 710 daAuts
  Temple: 645 daAuts
     D:7: 117 daAuts
